 Dungeon Sprint DCSS version 0.30-a0-920-g7493c07aab (webtiles) character file.

Game seed: 6428941506043856575

458109 fozzywoppz the End of an Era (level 18, 182/182 HPs)
             Began as a Demonspawn Fighter on Mar 21, 2023.
             Was the Champion of Qazlal.
             Escaped with the Orb!
             The game lasted 00:27:28 (1906 turns).

fozzywoppz the End of an Era (Demonspawn Fighter)   Turns: 1906, Time: 00:27:29

Health: 182/182    AC: 51    Str: 31    XL:     18   Next: 37%
Magic:  35/35      EV: 24    Int: 12    God:    Qazlal [******]
Gold:   0          SH: 45    Dex: 13    Spells: 17/17 levels left

rFire   + . .      SeeInvis +    u - +16 obsidian axe {drain, demonic, Mesm Drain Fly SInv}
rCold   + + .      Faith    .    y - +8 tower shield
rNeg    . . .      Spirit   .    C - +12 gold dragon scales
rPois   +          Reflect  +    L - +2 hood of the Assassin {Detect Stab+ Stlth++}
rElec   +          Rampage  +    W - +2 cloak {Stlth+}
rCorr   .          NoTele   +    (gloves unavailable)
Will    +....                    G - +2 pair of boots {rampage} Stlth
                                 U - amulet of Pogimaes {Reflect rC+ Str+3 SH+5}
HPRegen 0.50/turn                z - +6 ring of strength
MPRegen 0.48/turn                J - ring of the Hare {EV+10}

@: flying, studying 3 skills, repel missiles
A: claws 3, thin metallic scales 3, powered by pain 2, magic regeneration
0: Orb of Zot
a: Renounce Religion, Upheaval, Elemental Force, Disaster Area


You escaped.
You worshipped Qazlal.
Qazlal was exalted by your worship.
You visited 1 branch

Inventory:

Hand Weapons
 c - the +6 shillelagh "Devastator" {shatter}
   (You found it in the Dungeon)
 u - the +16 obsidian axe (weapon) {drain, demonic, Mesm Drain Fly SInv}
   (You found it in the Dungeon)

   Mesm:      Its wielder is mesmerised by any visible foes, and it cannot be
   unequipped while any foes are visible.
   SInv:      It lets you see invisible.
   Fly:       It grants you flight.
   Drain:     It drains your maximum health when unequipped.
 D - the +8 broad axe of Judgement {flame, rElec Will++ Str+2}
   (You found it in the Dungeon)

   Str:       It affects your strength (+2).
   rElec:     It insulates you from electricity.
   Will:      It greatly increases your willpower.
 N - the +5 broad axe of Wisdom {elec, Will+ rCorr}
   (You found it in the Dungeon)

   rCorr:     It protects you from acid and corrosion.
   Will:      It increases your willpower.
 Q - the +2 Maxwell's thermic engine {flame, freeze, rev}
   (You found it in the Dungeon)
Missiles
 n - 2 throwing nets (quivered)
Armour
 y - a +8 tower shield (worn)
 B - a +9 crystal plate armour
 C - +12 gold dragon scales (worn)
 G - a +2 pair of boots of rampaging (worn)
 L - the +2 hood of the Assassin (worn) {Detect Stab+ Stlth++}
   (You found it in the Dungeon)

   Detect:    It allows the wearer to sense nearby creatures.
   Stab+:     It allows the wearer to make particularly effective stabbing
   attacks against helpless or unaware enemies with any weapon.
   Stlth:     It makes you much more stealthy.
 W - a +2 cloak of stealth (worn)
Jewellery
 v - the amulet of Epnurghe {Faith rPois Will+}
   (You took it off a nagaraja in the Dungeon)

   [amulet of faith]

   It allows you to gain divine favour quickly.
   rPois:     It protects you from poison.
   Will:      It increases your willpower.
 x - the amulet "Arghusku" {Reflect Int+3 Dex+4 SH+5}
   (You took it off a nagaraja in the Dungeon)

   [amulet of reflection]

   It reflects blocked missile attacks.
   Int:       It affects your intelligence (+3).
   Dex:       It affects your dexterity (+4).
   SH:        It affects your SH (+5).
 z - a +6 ring of strength (left claw)
 A - a ring of willpower
 F - a +4 ring of protection
 H - a +4 ring of protection
 I - the ring "Ehuufisi" {Fly rN+ Stlth+}
   (You found it in the Dungeon)

   [ring of positive energy]

   rN:        It protects you from negative energy.
   Fly:       It grants you flight.
   Stlth:     It makes you more stealthy.
 J - the ring of the Hare (right claw) {EV+10}
   (You found it in the Dungeon)

   [ring of evasion]

   EV:        It affects your evasion (+10).
 K - the amulet "Ipnojoma" {Spirit rC+ Int+6}
   (You found it in the Dungeon)

   [amulet of guardian spirit]

   It causes incoming damage to be divided between your reserves of health and
   magic.
   Int:       It affects your intelligence (+6).
   rC:        It protects you from cold.
 M - the dreamshard necklace {*Dream Drain}
   (You found it in the Dungeon)

   [amulet of nothing]

   *Dream:    It shatters if its wearer takes lethal or near-lethal damage,
   preventing the blow and releasing protective dreams that heal and fight for
   the wearer.
   Drain:     It drains your maximum health when unequipped.
 O - the ring of Twilight {Ice Str+3}
   (You took it off a guardian mummy in the Dungeon)

   [ring of ice]

   It enhances your ice magic.
   Str:       It affects your strength (+3).
   rF:        It makes you vulnerable to fire.
   rC:        It protects you from cold.
 P - the ring "Bofynodd" {Fly rElec rPois MP+9}
   (You took it off a meliai in the Dungeon)

   [ring of flight]

   rElec:     It insulates you from electricity.
   rPois:     It protects you from poison.
   MP:        It affects your magic capacity (+9).
   Fly:       It grants you flight.
 R - the Hermit's Pendant {Faith Invo=14 Evo=0 MP+5}
   (You took it off a vault guard in the Dungeon)

   [amulet of faith]

   Invo=14: It sets your Invocations skill to 14.
   Evo=0: It sets your Evocations skill to 0.
   It allows you to gain divine favour quickly.
   MP:        It affects your magic capacity (+5).
 S - the ring "Acapren" {Wiz rPois Str+6}
   (You found it in the Dungeon)

   [ring of wizardry]

   It improves your spell success rate.
   Str:       It affects your strength (+6).
   rPois:     It protects you from poison.
 T - a ring of positive energy
 U - the amulet of Pogimaes (around neck) {Reflect rC+ Str+3 SH+5}
   (You found it in the Dungeon)

   [amulet of reflection]

   It reflects blocked missile attacks.
   Str:       It affects your strength (+3).
   rC:        It protects you from cold.
   SH:        It affects your SH (+5).
 V - the amulet of the Air {Inacc Air Fly rElec RMsl}
   (You found it in the Dungeon)

   [amulet of nothing]

   Inacc:     It reduces the accuracy of your attacks and spells.
   Air:       It enhances your air magic.
   rElec:     It insulates you from electricity.
   Fly:       It grants you flight.
   RMsl:      It protects you from missiles.
 X - the amulet of Entrepreneurial Spirit {Spirit +Blink rF+ rC- Slay+6}
   (You found it in the Dungeon)

   [amulet of guardian spirit]

   It causes incoming damage to be divided between your reserves of health and
   magic.
   Slay:      It affects your accuracy & damage with ranged weapons and melee
   (+6).
   rF:        It protects you from fire.
   rC:        It makes you vulnerable to cold.
   +Blink:    It lets you blink.
 Y - the ring of Owinesch {rPois rC- Will+ Str+4 Slay+2}
   (You took it off a vampire in the Dungeon)

   [ring of willpower]

   Str:       It affects your strength (+4).
   Slay:      It affects your accuracy & damage with ranged weapons and melee
   (+2).
   rC:        It makes you vulnerable to cold.
   rPois:     It protects you from poison.
   Will:      It increases your willpower.
 Z - a +5 ring of evasion
Wands
 s - a wand of mindburst (7)
 t - a wand of acid (7)
Scrolls
 j - 4 scrolls of blinking
 o - 4 scrolls of amnesia
 p - 7 scrolls of fog
 q - a scroll of brand weapon
 r - 2 scrolls of fear
 w - 4 scrolls of enchant weapon
Potions
 d - 8 potions of might
 e - 8 potions of curing
 f - 15 potions of heal wounds
 g - 12 potions of haste
 h - 4 potions of magic
 i - 3 potions of berserk rage
 k - 2 potions of brilliance
 l - 2 potions of invisibility
 m - 4 potions of resistance
Miscellaneous
 a - a tin of tremorstones (2/2)
 b - a lightning rod (4/4)
 E - a phantom mirror


   Skills:
 O Level 27 Fighting
 + Level 21.0 Axes
 + Level 0.0(13.8) Maces & Flails
 O Level 27 Throwing
 + Level 23.9 Armour
 + Level 17.4 Dodging
 + Level 26.0 Shields
 O Level 27 Invocations


You had 17 spell levels left.
You didn't know any spells.
Your spell library contained the following spells:

 Spells                   Type           Power      Damage    Failure   Level
 Foxfire                  Conj/Fire      0%         2x1d4     94%         1
 Freeze                   Ice            0%         1d3       94%         1
 Kiss of Death            Conj/Necr      0%         2d5       94%         1
 Magic Dart               Conj           0%         1d3       94%         1
 Sandblast                Erth           0%         2d4       94%         1
 Slow                     Hex            0%         N/A       94%         1
 Blink                    Tloc           0%         N/A       98%         2
 Call Imp                 Summ           0%         N/A       98%         2
 Cigotuvi's Dreadful Rot  Necr/Pois/Air  0%         N/A       98%         2
 Ensorcelled Hibernation  Hex/Ice        0%         N/A       98%         2
 Lesser Beckoning         Tloc           0%         N/A       98%         2
 Momentum Strike          Conj/Tloc      0%         3d8       98%         2
 Passwall                 Tmut/Erth      0%         N/A       98%         2
 Poisonous Vapours        Pois/Air       0%         N/A       98%         2
 Static Discharge         Conj/Air       0%         2-2/arc   98%         2
 Wereblood                Tmut           0%         N/A       98%         2
 Confusing Touch          Hex            0%         N/A       100%        3
 Dazzling Flash           Conj/Hex       0%         N/A       100%        3
 Frozen Ramparts          Ice            0%         1d1       100%        3
 Gell's Gravitas          Tloc           0%         N/A       100%        3
 Hailstorm                Conj/Ice       0%         3d3       100%        3
 Ignite Poison            Fire/Tmut/Pois 0%         N/A       100%        3
 Inner Flame              Hex/Fire       0%         N/A       100%        3
 Kindle Blastsparks       Fire/Tloc/Air  0%         2d10      100%        3
 Mephitic Cloud           Conj/Pois/Air  0%         N/A       100%        3
 Ozocubu's Armour         Ice            0%         N/A       100%        3
 Portal Projectile        Hex/Tloc       0%         N/A       100%        3
 Stone Arrow              Conj/Erth      0%         3d7       100%        3
 Summon Guardian Golem    Hex/Summ       0%         N/A       100%        3
 Swiftness                Air            0%         N/A       100%        3
 Teleport Other           Tloc           0%         N/A       100%        3
 Tukima's Dance           Hex            0%         N/A       100%        3
 Vampiric Draining        Necr           0%         2d6       100%        3
 Vhi's Electric Charge    Tloc/Air       0%         N/A       100%        3
 Animate Armour           Summ/Erth      0%         N/A       100%        4
 Animate Dead             Necr           0%         N/A       100%        4
 Cause Fear               Hex            0%         N/A       100%        4
 Dispel Undead            Necr           0%         3d6       100%        4
 Flame Wave               Conj/Fire      0%         2d4       100%        4
 Fulminant Prism          Conj/Hex       0%         3d5       100%        4
 Ice Form                 Ice/Tmut       0%         N/A       100%        4
 Iskenderun's Mystic Bla  Conj/Tloc      0%         2d3       100%        4
 Leda's Liquefaction      Hex/Erth       0%         N/A       100%        4
 Manifold Assault         Tloc           0%         N/A       100%        4
 Olgreb's Toxic Radiance  Pois           0%         N/A       100%        4
 Passage of Golubria      Tloc           0%         N/A       100%        4
 Sticky Flame             Conj/Fire      0%         2d3       100%        4
 Summon Ice Beast         Ice/Summ       0%         N/A       100%        4
 Summon Lightning Spire   Summ/Air       0%         N/A       100%        4
 Agony                    Necr           0%         N/A       100%        5
 Alistair's Intoxication  Tmut/Pois      0%         N/A       100%        5
 Arcjolt                  Conj/Air       0%         1d10      100%        5
 Blade Hands              Tmut           0%         N/A       100%        5
 Borgnjor's Vile Clutch   Necr/Erth      0%         N/A       100%        5
 Fireball                 Conj/Fire      0%         3d3       100%        5
 Freezing Cloud           Conj/Ice/Air   0%         6-21      100%        5
 Irradiate                Conj/Tmut      0%         3d11      100%        5
 Iskenderun's Battlesphe  Conj           0%         2d6       100%        5
 Metabolic Englaciation   Hex/Ice        0%         N/A       100%        5
 Plasma Beam              Fire/Air       0%         2x1d11    100%        5
 Silence                  Hex/Air        0%         N/A       100%        5
 Summon Mana Viper        Hex/Summ       0%         N/A       100%        5
 Yara's Violent Unravell  Hex/Tmut       0%         3d3       100%        5
 Conjure Ball Lightning   Conj/Air       0%         3x3d6     100%        6
 Eringya's Noxious Bog    Tmut/Pois      0%         N/A       100%        6
 Iron Shot                Conj/Erth      0%         9d1       100%        6
 Simulacrum               Ice/Necr       0%         N/A       100%        6
 Starburst                Conj/Fire      0%         6d3       100%        6
 Dragon Form              Tmut           0%         N/A       100%        7
 Enfeeble                 Hex            0%         N/A       100%        7
 Haunt                    Necr/Summ      0%         N/A       100%        7
 Malign Gateway           Summ/Tloc      0%         N/A       100%        7
 Monstrous Menagerie      Summ           0%         N/A       100%        7
 Orb of Destruction       Conj           0%         9d5       100%        7
 Ozocubu's Refrigeration  Ice            0%         4d7       100%        7
 Spellforged Servitor     Conj/Summ      0%         N/A       100%        7
 Borgnjor's Revivificati  Necr           0%         N/A       100%        8
 Discord                  Hex            0%         N/A       100%        8
 Disjunction              Tloc           0%         N/A       100%        8
 Ignition                 Fire           0%         3d3       100%        8
 Infestation              Necr           0%         N/A       100%        8
 Lehudib's Crystal Spear  Conj/Erth      0%         10d2      100%        8
 Necromutation            Tmut/Necr      0%         N/A       100%        8
 Summon Horrible Things   Summ           0%         N/A       100%        8
 Chain Lightning          Conj/Air       0%         N/A       100%        9
 Death's Door             Necr           0%         N/A       100%        9
 Fire Storm               Conj/Fire      0%         5d1       100%        9
 Shatter                  Erth           0%         3d5*      100%        9


Dungeon Overview and Level Annotations

Branches:
Dungeon (1/1)

Altars:
Ashenzari
Cheibriados
Dithmenos
Fedhas
Gozag
Hepliaklqana
Kikubaaqudgha
Makhleb
Nemelex Xobeh
Okawaru
Qazlal
Ru
Sif Muna
Trog
Uskayaw
Vehumet
Wu Jian
Xom
Yredelemnul
Jiyva
Lugonu


Innate Abilities, Weirdness & Mutations

You have claws for hands.
You are completely covered in thin metallic scales. (AC +4, rElec)
You sometimes gain power by taking damage.
You regenerate magic rapidly.


Message History

You add the spells Magic Dart and Call Imp to your library.
You see here a +1 trident of protection.
You see here a +5 whip of distortion.
Things that are here:
a tin of tremorstones (2/2); a glowing shapeshifter corpse
Z - a +5 ring of evasion
Things that are here:
a +1 pair of boots of flying; a box of beasts You see here a book of Fire.
You see here a +2 glaive of venom.
You see here a book of Fire.
Things that are here:
a +1 pair of boots of flying; a box of beasts You see here a book of Fire.
You see here a +2 glaive of venom.
You pick up a manual of Long Blades and begin studying.
You see here a +2 long sword of holy wrath.
You see here a book of Burglary.
You see here the +3 dagger of Xuleluz {freeze, Drain rF+ Int+4}.
You see here a staff of conjuration.
You see here an amulet of faith.
You see here an amulet of faith.
You see here a staff of conjuration.
There is a transporter here.
You see here a glowing shapeshifter corpse.
An exit appears before you!
You enter the transporter and appear at another place.
Found the Orb of Zot.
Found a staircase leading out of the dungeon.
Unknown command.
You see here the Orb of Zot.
There is a staircase leading out of the dungeon here.
You see here the Orb of Zot.
You can't go down here!
Unknown command.
You pick up the Orb of Zot!
The Orb lets out a hideous shriek!
The lords of Pandemonium are not amused.
Beware!
Now all you have to do is get back out of the dungeon!
There is a staircase leading out of the dungeon here.
You have escaped!

.†...)......▓..▓.......▓..▓...8©8
....|}......▓.▓.▓.....▓.▓.▓..|=.[
..†.†.......▓..▓.......▓..▓...)=)
............▓.............▓......
............▓......©......▓....."
............▓▓▓▓▓▓▓▓▓▓▓▓▓▓▓......
............▓8888888888888▓......
▓.......▓...▓8.☼..§......8▓..▓...
............▓8..@..°..©..8▓.▓....
............▓8..§○○......8▓....©.
....©.......▓8888888888888▓▓▓▓▓▓▓
▓▓▓▓▓▓▓▓▓▓▓▓▓▓▓▓▓▓▓▓▓▓▓▓▓▓▓▓▓▓▓▓▓
.....8©8........▓.[)..|..8©8..|..
.)..÷[:...)[))..▓..[..[:))[))..:)
.)÷))..[.}}...[.▓....}))}.[[.}.))
}[.....[)[....[.▓=...))..:.))....
)..=.[.|.[......▓...........[.†[)


There were no monsters in sight!

Vanquished Creatures
  An ancient lich (D)
  2 juggernauts (shapeshifter) (D)
  A royal mummy (D)
  5 shard shrikes (shapeshifter) (D)
  A pandemonium lord (D)
  3 caustic shrikes (shapeshifter) (D)
  12 pearl dragons (D)
  An iron giant (shapeshifter) (D)
  2 bone dragons (D)
  A titan (shapeshifter) (D)
  A quicksilver dragon (D)
  2 liches (D)
  A quicksilver dragon (shapeshifter) (D)
  2 acid blobs (D)
  An acid blob (shapeshifter) (D)
  2 tentacled starspawn (D)
  2 shadow dragons (D)
  3 rockslimes (shapeshifter) (D)
  A rockslime (D)
  4 nagarajas (D)
  10 daevas (D)
  2 iron dragons (D)
  6 angels (D)
  A balrug (D)
  6 orc warlords (D)
  3 ghouls (D)
  3 ophanim (D)
  9 apis (D)
  4 stone giants (D)
  3 vampire knights (D)
  A lorocyproca (D)
  A dire elephant (D)
  A spark wasp (shapeshifter) (D)
  2 starcursed masses (D)
  4 iron golems (D)
  2 mummy priests (D)
  3 crystal guardians (D)
  A green death (D)
  An ice dragon (shapeshifter) (D)
  An entropy weaver (shapeshifter) (D)
  2 yaktaur captains (D)
  22 vault guards (D)
  A rakshasa (D)
  4 hydras (D)
  A hydra (shapeshifter) (D)
  A spriggan air mage (D)
  6 anacondas (D)
  A dancing weapon (D)
  2 two-headed ogres (D)
  2 vampire magi (D)
  2 death yaks (D)
  4 orc high priests (D)
  4 naga warriors (D)
  A sun demon (D)
  3 skeletal warriors (D)
  7 wretched stars (D)
  2 fire crabs (shapeshifter) (D)
  A death drake (shapeshifter) (D)
  3 spriggan druids (D)
  11 cherubim (D)
  A swamp dragon (shapeshifter) (D)
  An orb spider (shapeshifter) (D)
  A sea snake (shapeshifter) (D)
  A lindwurm (shapeshifter) (D)
  3 deep elf zephyrmancers (D)
  A steelbarb worm (shapeshifter) (D)
  5 necromancers (D)
  A deep elf pyromancer (D)
  2 harpies (shapeshifter) (D)
  A wolf spider (shapeshifter) (D)
  3 orc knights (D)
  2 mana vipers (shapeshifter) (D)
  2 orc sorcerers (D)
  A cyclops (shapeshifter) (D)
  A manticore (shapeshifter) (D)
  A faun (shapeshifter) (D)
  A worldbinder (D)
  2 cyclopes (D)
  A moth of wrath (D)
  A rust devil (D)
  2 elephants (D)
  A moth of wrath (shapeshifter) (D)
  8 naga magi (D)
  2 eyes of devastation (D)
  12 black mambas (D)
  10 guardian serpents (D)
  4 smoke demons (D)
  2 guardian serpents (shapeshifter) (D)
  An unseen horror (D)
  An orange demon (D)
  A torpor snail (D)
  A gargoyle (D)
  4 komodo dragons (D)
  11 cane toads (D)
  A rime drake (D)
  2 yaktaurs (D)
  A tormentor (D)
  3 guardian mummies (D)
  An ice devil (D)
  A komodo dragon (shapeshifter) (D)
  A red devil (D)
  2 trolls (D)
  A wind drake (D)
  A meliai (shapeshifter) (D)
  A wind drake (shapeshifter) (D)
  4 ancient zymes (D)
  4 merfolk (D)
  A polar bear (shapeshifter) (D)
  A merfolk (shapeshifter) (D)
  A raiju (D)
  3 snapping turtles (shapeshifter) (D)
  A blink frog (shapeshifter) (D)
  A dream sheep (D)
  Sigmund (D)
  2 slime creatures (D)
  A blink frog (D)
  2 flying skulls (D)
  A jumping spider (shapeshifter) (D)
  3 vampires (D)
  2 ynoxinuls (D)
  2 wraiths (D)
  6 shadows (D)
  A hog (shapeshifter) (D)
  3 yaks (D)
  2 ushabtiu (D)
  2 wyverns (D)
  2 basilisks (D)
  3 redbacks (shapeshifter) (D)
  A water elemental (D)
  8 large abominations (D)
  2 humans (shapeshifter) (D)
  A neqoxec (D)
  A steam dragon (shapeshifter) (D)
  A golden eye (D)
  2 swamp worms (shapeshifter) (D)
  Edmund (D)
  3 hell hounds (D)
  An acid dragon (shapeshifter) (D)
  3 nagas (D)
  2 wargs (D)
  Duvessa (D)
  15 water moccasins (D)
  A floating eye (shapeshifter) (D)
  A floating eye (D)
  An ice beast (D)
  10 orc warriors (D)
  A black bear (shapeshifter) (D)
  A black bear (D)
  11 small abominations (D)
  6 ogres (D)
  2 centaurs (D)
  3 wolves (D)
  A bullfrog (D)
  Blork the orc (D)
  5 necrophages (D)
  4 scorpions (D)
  10 earth elementals (D)
  7 wights (D)
  Dowan (D)
  3 crimson imps (D)
  Crazy Yiuf (D)
  3 quasits (D)
  5 iron imps (D)
  2 jellies (D)
  An orc priest (D)
  Jessica (D)
  4 orc wizards (D)
  4 mummies (D)
  An adder (D)
  A river rat (D)
  A shadow imp (D)
  5 white imps (D)
  An ufetubus (D)
  2 adder skeletons (D)
  4 bat skeletons (D)
  3 bat zombies (D)
  An endoplasm (D)
  2 jackals (D)
  5 ball pythons (D)
  2 ball python skeletons (D)
  4 ball python zombies (D)
  2 giant cockroach zombies (D)
  2 quokka skeletons (D)
  A quokka zombie (D)
517 creatures vanquished.

Vanquished Creatures (collateral kills)
  A rockslime (D)
  A deep elf archer (D)
  4 deep elf pyromancers (D)
  A guardian serpent (D)
  A slime creature (D)
  A floating eye (D)
  An earth elemental (D)
  A river rat (D)
11 creatures vanquished.

Grand Total: 528 creatures vanquished

Notes
Turn   | Place    | Note
-------+----------+-------------------------------------------
     0 | D        | fozzywoppz the Demonspawn Fighter began the quest for the
                  | Orb.
     0 | D        | Reached XP level 1. HP: 18/18 MP: 1/1
     0 | D        | Found a shimmering blue altar of Sif Muna.
     0 | D        | Found a sacrificial altar of Ru.
     0 | D        | Found a bloodstained altar of Trog.
     0 | D        | Found a stormy altar of Qazlal.
     0 | D        | Found an iron altar of Okawaru.
     0 | D        | Found a sparkling altar of Nemelex Xobeh.
     0 | D        | Found a blossoming altar of Fedhas.
     0 | D        | Found the +6 Majin-Bo {spellvamp, MP+6 Int+6}
     0 | D        | Found the +27 heavy crossbow "Sniper" {heavy, Acc+∞ SInv}
     0 | D        | Found the +10 dark maul {heavy}
     0 | D        | Found the +15 Maxwell's patent armour {-Cast -Tele rElec
                  | Will+ rCorr}
     0 | D        | Found the +18 shield of the Gong {Loud rN+ Will+ rCorr
                  | EV-5}
     0 | D        | Found the +16 obsidian axe {drain, demonic, Mesm Drain Fly
                  | SInv}
     0 | D        | Found the +7 great mace "Firestarter" {flame, inner flame,
                  | rFlCloud rF++}
     0 | D        | Found the +6 shillelagh "Devastator" {shatter}
     0 | D        | Found the +11 plutonium sword {Contam Stlth-}
     0 | D        | Found the +8 lance "Wyrmbane" {slay drac, rPois rF+ rC+
                  | AC+3}
     0 | D        | Found the +9 sword of Zonguldrok {reap}
     0 | D        | Found the +13 scythe of Curses {drain, curses, Drain}
     0 | D        | Found the +9 sword of Power {lifebolt}
     0 | D        | Found the +7 mace of Variability {chaos, chain chaos}
     0 | D        | Found the +11 Singing Sword {sonic wave}
     0 | D        | Found the +8 storm bow {elec, penet}
     2 | D        | Found a transporter.
     2 | D        | Found an ancient bone altar of Kikubaaqudgha.
     2 | D        | Found a viscous altar of Jiyva.
     2 | D        | Found a corrupted altar of Lugonu.
     2 | D        | Found a hazy altar of Hepliaklqana.
     2 | D        | Found a burning altar of Makhleb.
     2 | D        | Found an opulent altar of Gozag.
    64 | D        | Gained mutation: You regenerate magic rapidly. [demonic
                  | ancestry]
    64 | D        | Reached XP level 2. HP: 24/24 MP: 2/2
    98 | D        | Became a worshipper of Qazlal Stormbringer
   131 | D        | Entered arena 2.
   131 | D        | Found a transporter.
   148 | D        | Entered arena 3.
   148 | D        | Noticed a hell hound
   148 | D        | Found a transporter.
   152 | D        | Reached * piety under Qazlal
   154 | D        | Reached skill level 5 in Armour
   154 | D        | Reached skill level 5 in Shields
   154 | D        | Reached XP level 3. HP: 5/29 MP: 3/3
   155 | D        | Killed a hell hound
   155 | D        | Reached ** piety under Qazlal
   156 | D        | Reached skill level 5 in Fighting
   156 | D        | Reached skill level 5 in Axes
   156 | D        | Reached XP level 4. HP: 39/39 MP: 4/4
   156 | D        | Gained mutation: You sometimes gain a little power by
                  | taking damage. [demonic ancestry]
   156 | D        | Reached XP level 5. HP: 44/44 MP: 5/5
   164 | D        | Entered arena 4.
   164 | D        | Noticed a slime creature
   164 | D        | Noticed a floating eye
   164 | D        | Noticed a floating eye
   164 | D        | Found a transporter.
   165 | D        | Killed a floating eye
   166 | D        | Reached skill level 1 in Dodging
   167 | D        | Killed a floating eye
   168 | D        | Gained mutation: You sometimes gain power by taking damage.
                  | [demonic ancestry]
   168 | D        | Reached XP level 6. HP: 51/52 MP: 5/9
   169 | D        | Killed a slime creature
   169 | D        | Reached *** piety under Qazlal
   170 | D        | Reached skill level 5 in Invocations
   173 | D        | Got the +8 broad axe of Judgement {flame, rElec Will++
                  | Str+2}
   177 | D        | Entered arena 5.
   177 | D        | Found a transporter.
   181 | D        | Reached XP level 7. HP: 60/60 MP: 8/11
   181 | D        | Reached **** piety under Qazlal
   200 | D        | Entered arena 6.
   200 | D        | Found a transporter.
   203 | D        | Reached ***** piety under Qazlal
   219 | D        | Entered arena 7.
   219 | D        | Noticed a deep elf pyromancer
   219 | D        | Noticed a deep elf pyromancer
   219 | D        | Noticed a deep elf pyromancer
   219 | D        | Noticed a deep elf pyromancer
   219 | D        | Noticed a deep elf archer
   220 | D        | Found a transporter.
   224 | D        | Noticed a fire elemental
   224 | D        | Noticed a fire elemental
   224 | D        | Killed a deep elf pyromancer
   225 | D        | Reached skill level 5 in Dodging
   225 | D        | Gained mutation: You have sharp fingernails. [demonic
                  | ancestry]
   225 | D        | Reached XP level 8. HP: 46/68 MP: 11/13
   226 | D        | Killed a deep elf pyromancer
   227 | D        | Killed a deep elf pyromancer
   228 | D        | Gained mutation: You are partially covered in thin metallic
                  | scales. (AC +2) [demonic ancestry]
   228 | D        | Reached XP level 9. HP: 60/76 MP: 12/15
   228 | D        | Killed a deep elf pyromancer
   229 | D        | Killed a deep elf archer
   230 | D        | Reached skill level 10 in Invocations
   231 | D        | Got the ring "Ehuufisi" {Fly rN+ Stlth+}
   238 | D        | Entered arena 8.
   238 | D        | Noticed a deep elf zephyrmancer
   238 | D        | Noticed a +3 short sword of venom
   238 | D        | Noticed a deep elf pyromancer
   238 | D        | Noticed a deep elf zephyrmancer
   238 | D        | Noticed a deep elf zephyrmancer
   239 | D        | Killed a +3 short sword of venom
   239 | D        | Killed a deep elf zephyrmancer
   239 | D        | Killed a deep elf pyromancer
   239 | D        | Reached ****** piety under Qazlal
   239 | D        | Killed a deep elf zephyrmancer
   239 | D        | Killed a deep elf zephyrmancer
   240 | D        | Reached skill level 10 in Fighting
   240 | D        | Reached skill level 10 in Axes
   240 | D        | Reached skill level 10 in Armour
   240 | D        | Reached skill level 10 in Shields
   240 | D        | Gained mutation: You have very sharp fingernails. [demonic
                  | ancestry]
   240 | D        | Reached XP level 10. HP: 86/86 MP: 8/18
   240 | D        | Found a transporter.
   261 | D        | Entered arena 9.
   261 | D        | Found the +2 hood of the Assassin {Detect Stab+ Stlth++}
   261 | D        | Noticed Sigmund
   261 | D        | Noticed Jessica
   261 | D        | Noticed Blork the orc
   261 | D        | Noticed Crazy Yiuf
   261 | D        | Noticed Dowan
   261 | D        | Noticed Duvessa
   261 | D        | Noticed Edmund
   262 | D        | Killed Jessica
   262 | D        | Killed Crazy Yiuf
   262 | D        | Killed Duvessa
   262 | D        | Killed Sigmund
   262 | D        | Killed Dowan
   262 | D        | Killed Blork the orc
   262 | D        | Killed Edmund
   263 | D        | Found a transporter.
   270 | D        | Got the amulet "Ipnojoma" {Spirit rC+ Int+6}
   297 | D        | Entered arena 10.
   297 | D        | Noticed a cyclops
   300 | D        | Found a transporter.
   304 | D        | Killed a cyclops
   333 | D        | Entered arena 11.
   334 | D        | Found a transporter.
   340 | D        | Reached XP level 11. HP: 84/93 MP: 20/20
   357 | D        | Entered arena 12.
   357 | D        | Found the dreamshard necklace {*Dream Drain}
   357 | D        | Noticed a rockslime
   357 | D        | Noticed a rockslime
   357 | D        | Noticed an acid blob
   358 | D        | Noticed an acid blob
   359 | D        | Killed an acid blob
   361 | D        | Found a transporter.
   365 | D        | Killed an acid blob
   365 | D        | Killed a rockslime
   366 | D        | Reached skill level 10 in Dodging
   370 | D        | Killed a rockslime
   393 | D        | Got the +5 broad axe of Wisdom {elec, Will+ rCorr}
   407 | D        | Entered arena 13.
   407 | D        | Noticed a green death
   407 | D        | Noticed a rakshasa
   408 | D        | Killed a green death
   408 | D        | Killed a rakshasa
   409 | D        | Reached skill level 15 in Invocations
   409 | D        | Found a transporter.
   427 | D        | Got the ring "Boderho" {rN+++ rCorr Str+2 Dex-5 Stlth-}
   446 | D        | Entered arena 14.
   446 | D        | Noticed a six-headed hydra
   447 | D        | Noticed a seven-headed hydra
   447 | D        | Found the +12 glaive of Prune {freeze, Prune}
   451 | D        | Killed a seven-headed hydra
   452 | D        | Gained mutation: You have claws for hands. [demonic
                  | ancestry]
   452 | D        | Reached XP level 12. HP: 97/105 MP: 14/23
   452 | D        | Killed an eight-headed hydra
   460 | D        | Found a transporter.
   466 | D        | Got the amulet of Bequmot {Spirit -Tele rN+++ Regen+ SInv}
   487 | D        | Entered arena 15.
   487 | D        | Noticed a vault guard
   487 | D        | Noticed a vault guard
   487 | D        | Noticed a vault guard
   487 | D        | Noticed a vault guard
   488 | D        | Noticed a shadow dragon
   488 | D        | Noticed a vault guard
   488 | D        | Noticed a vault guard
   488 | D        | Noticed a stone giant
   488 | D        | Noticed a shadow dragon
   488 | D        | Noticed a yaktaur captain
   488 | D        | Noticed a lich
   488 | D        | Noticed a vault guard
   489 | D        | Killed a vault guard
   489 | D        | Killed a lich
   489 | D        | Killed a vault guard
   489 | D        | Killed a stone giant
   490 | D        | Killed a vault guard
   490 | D        | Killed a vault guard
   490 | D        | Killed a vault guard
   490 | D        | Killed a vault guard
   490 | D        | Killed a vault guard
   490 | D        | Killed a yaktaur captain
   490 | D        | Killed a shadow dragon
   491 | D        | Reached skill level 15 in Fighting
   491 | D        | Found a transporter.
   496 | D        | Killed a shadow dragon
   497 | D        | Gained mutation: You are mostly covered in thin metallic
                  | scales. (AC +3) [demonic ancestry]
   497 | D        | Reached XP level 13. HP: 97/116 MP: 11/26
   517 | D        | Entered arena 16.
   518 | D        | Identified the +1 robe of a volcano {rF+ Str-3 Int+3 Dex+7}
   518 | D        | Identified the ring "Koupn" {Will+ MP+9}
   520 | D        | Reached skill level 15 in Armour
   520 | D        | Reached skill level 15 in Shields
   520 | D        | Found a transporter.
   539 | D        | Entered arena 17.
   541 | D        | Noticed a mummy priest
   541 | D        | Identified the ring of Twilight {Ice Str+3}
   542 | D        | Noticed a royal mummy
   542 | D        | Noticed a mummy priest
   542 | D        | Found the +2 Maxwell's thermic engine {flame, freeze, rev}
   543 | D        | Killed a mummy priest
   544 | D        | Reached skill level 15 in Axes
   544 | D        | Killed a mummy priest
   546 | D        | Found a transporter.
   549 | D        | Killed a royal mummy
   576 | D        | Entered arena 18.
   578 | D        | Noticed a lich
   580 | D        | Killed a lich
   581 | D        | Identified the +9 glaive "Qolaawy" {protect, rN+}
   583 | D        | Identified the +7 falchion of Crystal {heavy, rF- Int+3
                  | Dex+8}
   585 | D        | Found a transporter.
   593 | D        | Reached XP level 14. HP: 94/128 MP: 7/28
   688 | D        | Entered arena 19.
   690 | D        | Noticed an orc warlord
   691 | D        | Noticed an orc warlord
   691 | D        | Noticed an orc warlord
   692 | D        | Killed an orc warlord
   693 | D        | Found a transporter.
   695 | D        | Killed an orc warlord
   696 | D        | Reached skill level 5 in Throwing
   699 | D        | Killed an orc warlord
   756 | D        | Got the Discursus on Malisons
   757 | D        | Entered arena 20.
   761 | D        | Noticed an iron dragon
   761 | D        | Noticed an iron dragon
   761 | D        | Noticed a stone giant
   761 | D        | Noticed a quicksilver dragon
   762 | D        | Noticed a stone giant
   764 | D        | Killed a stone giant
   764 | D        | Killed a quicksilver dragon
   764 | D        | Killed an iron dragon
   764 | D        | Killed an iron dragon
   767 | D        | Killed a stone giant
   768 | D        | Found a transporter.
   786 | D        | HP: 6/131 [iron golem (15)]
   874 | D        | Entered arena 21.
   879 | D        | Reached skill level 10 in Throwing
   879 | D        | Noticed an orc warlord
   879 | D        | Noticed an orc warlord
   879 | D        | Noticed an orc warlord
   880 | D        | Killed an orc warlord
   881 | D        | Killed an orc warlord
   882 | D        | Noticed a stone giant
   883 | D        | Found a transporter.
   886 | D        | Killed an orc warlord
   892 | D        | Killed a stone giant
   950 | D        | Got the Exposition on Snow-white Calling
   970 | D        | Entered arena 22.
   973 | D        | Found the +3 giant club "Skullcrusher" {speed, Str+7}
   975 | D        | Reached XP level 15. HP: 141/141 MP: 21/31
   979 | D        | Found a transporter.
  1053 | D        | Got the ring "Acapren" {Wiz rPois Str+6}
  1062 | D        | Got the Precepts of the Indurated Dragon
  1070 | D        | Entered arena 23.
  1076 | D        | Killed a tentacled starspawn
  1077 | D        | Identified the staff of death "Qimaleaf" {rF+++ rN+ Int+2
                  | Dex-5}
  1080 | D        | Found the ring of the Hare {EV+10}
  1081 | D        | Found a transporter.
  1156 | D        | Entered arena 24.
  1163 | D        | Noticed Gaetrir the pandemonium lord
  1163 | D        | Noticed a tentacled starspawn
  1163 | D        | Noticed a bone dragon
  1164 | D        | Killed a tentacled starspawn
  1164 | D        | Found the +2 hat of the Bear Spirit {Spirit, Bear, *Rage
                  | Will++}
  1165 | D        | Killed Gaetrir the pandemonium lord
  1166 | D        | Noticed a bone dragon
  1167 | D        | Killed a bone dragon
  1168 | D        | Reached skill level 15 in Throwing
  1169 | D        | Found a transporter.
  1181 | D        | Killed a bone dragon
  1184 | D        | Got the amulet of Pogimaes {Reflect rC+ Str+3 SH+5}
  1211 | D        | Got the Codex of Peregrination and Ensorcelling
  1230 | D        | Got the amulet of Entrepreneurial Spirit {Spirit +Blink rF+
                  | rC- Slay+6}
  1237 | D        | Entered arena 25.
  1243 | D        | Paralysed by a vampire knight for 5 turns
  1244 | D        | Identified the ring of Owinesch {rPois rC- Will+ Str+4
                  | Slay+2}
  1244 | D        | Noticed an ancient lich
  1245 | D        | Identified the +6 long sword of Qit Kol {drain, rPois Int-4
                  | Stlth+}
  1245 | D        | Identified the ring "Dilecid" {Fly rC++ Str-5 Int+3}
  1248 | D        | Identified the amulet of Makofealao {Fly Regen+}
  1249 | D        | Reached skill level 27 in Invocations
  1249 | D        | Gained mutation: You are completely covered in thin
                  | metallic scales. (AC +4, rElec) [demonic ancestry]
  1249 | D        | Reached XP level 16. HP: 155/155 MP: 24/33
  1250 | D        | Killed an ancient lich
  1251 | D        | Identified the ring of Sarikad {Fire rPois Int+4 Dex-2}
  1259 | D        | Found a transporter.
  1339 | D        | Got Luetwin's Omnibus of Stolen Souls and Embers
  1404 | D        | Entered arena 26.
  1413 | D        | Noticed a pearl dragon
  1413 | D        | Noticed a pearl dragon
  1414 | D        | Killed a pearl dragon
  1414 | D        | Noticed a pearl dragon
  1415 | D        | Killed a pearl dragon
  1415 | D        | Noticed a pearl dragon
  1416 | D        | Killed a pearl dragon
  1416 | D        | Killed a pearl dragon
  1416 | D        | Noticed a pearl dragon
  1417 | D        | Noticed a pearl dragon
  1417 | D        | Noticed a pearl dragon
  1417 | D        | Noticed a pearl dragon
  1417 | D        | Identified the +2 tower shield of Teifruam {Rampage rPois}
  1417 | D        | Noticed a pearl dragon
  1417 | D        | Noticed a pearl dragon
  1417 | D        | Found the +3 Elemental Staff {rElec rF++ rC++ AC+5}
  1419 | D        | Killed a pearl dragon
  1419 | D        | Killed a pearl dragon
  1419 | D        | Killed a pearl dragon
  1419 | D        | Killed a pearl dragon
  1419 | D        | Killed a pearl dragon
  1420 | D        | Reached skill level 27 in Fighting
  1420 | D        | Reached XP level 17. HP: 124/174 MP: 17/34
  1420 | D        | Identified the +8 short sword "Mestrenk" {heavy, Will++}
  1420 | D        | Killed a pearl dragon
  1422 | D        | Found the +8 demon blade "Leech" {evervamp, Harm Drain rN+}
  1422 | D        | Identified the ring "Cosmutyi" {Drain rF+ Str+6 Int+6}
  1423 | D        | Noticed a pearl dragon
  1423 | D        | Found the +0 pair of fencer's gloves {Riposte Dex+3}
  1423 | D        | Found a transporter.
  1423 | D        | Noticed a pearl dragon
  1430 | D        | Killed a pearl dragon
  1434 | D        | Killed a pearl dragon
  1457 | D        | Got Jouhucre's Papyrus of Location
  1468 | D        | Got Agau's Handbook of the Dose and Frostbite
  1487 | D        | Got the Disquisition on the Burning Lithosphere
  1507 | D        | Got the Thoughts on Incineration
  1711 | D        | Entered arena 27.
  1720 | D        | Reached skill level 27 in Throwing
  1720 | D        | Identified the amulet of Epnurghe {Faith rPois Will+}
  1723 | D        | Identified the amulet "Arghusku" {Reflect Int+3 Dex+4 SH+5}
  1723 | D        | Identified the ring "Taunusut" {rElec rC++ Will+ Stlth+}
  1723 | D        | Found a transporter.
  1723 | D        | Found the +5 robe of Misfortune {Harm *Corrode *Slow EV+5}
  1784 | D        | Entered arena 28.
  1792 | D        | Noticed a juggernaut
  1792 | D        | Noticed a juggernaut
  1792 | D        | Noticed a juggernaut
  1793 | D        | a juggernaut changed into a golden dragon
  1793 | D        | Noticed a golden dragon (glowing shapeshifter)
  1794 | D        | Killed a juggernaut
  1794 | D        | a golden dragon changed into an acid blob
  1794 | D        | Noticed an acid blob (glowing shapeshifter)
  1794 | D        | Noticed a shard shrike
  1794 | D        | Noticed a shard shrike
  1795 | D        | Noticed a caustic shrike
  1795 | D        | Noticed a juggernaut
  1795 | D        | Noticed a juggernaut
  1795 | D        | Noticed a shard shrike
  1795 | D        | a juggernaut changed into a caustic shrike
  1795 | D        | Noticed a caustic shrike (glowing shapeshifter)
  1795 | D        | a rockslime changed into a shard shrike
  1795 | D        | Noticed a shard shrike (glowing shapeshifter)
  1795 | D        | Identified the ring "Bofynodd" {Fly rElec rPois MP+9}
  1795 | D        | Noticed a shard shrike
  1795 | D        | Noticed a shard shrike
  1796 | D        | Killed a caustic shrike
  1796 | D        | Killed a caustic shrike
  1796 | D        | Killed a shard shrike
  1796 | D        | a shard shrike changed into a juggernaut
  1796 | D        | Noticed a juggernaut (glowing shapeshifter)
  1796 | D        | Noticed a caustic shrike
  1797 | D        | Reached skill level 15 in Dodging
  1797 | D        | Killed a shard shrike
  1797 | D        | Killed an acid blob
  1797 | D        | Killed a shard shrike
  1797 | D        | Killed a shard shrike
  1797 | D        | Killed a shard shrike
  1797 | D        | Killed a juggernaut
  1797 | D        | Killed a caustic shrike
  1798 | D        | Reached XP level 18. HP: 182/182 MP: 4/35
  1798 | D        | a juggernaut changed into an iron dragon
  1798 | D        | a juggernaut changed into a titan
  1800 | D        | a rockslime changed into an iron giant
  1800 | D        | Noticed an iron giant (glowing shapeshifter)
  1818 | D        | Found a transporter.
  1820 | D        | Killed an iron giant
  1837 | D        | Got the Meditations on Violent Transfiguration
  1848 | D        | Found the +7 Throatcutter {drain, coup de grace}
  1848 | D        | Found the amulet of the Air {Inacc Air Fly rElec RMsl}
  1901 | D        | Got the Orb of Zot
  1906 | D        | Escaped with the Orb!

Illustrated notes

Levels and vault maps discovered:
D:        sprint_v [room_start, room_1, room_2, room_3, room_4, room_5, room_6,
          room_7, room_8, room_9, room_10, room_11, room_12, room_13, room_14,
          room_15, room_16, room_17, room_18, room_19, room_20, room_21,
          room_22, room_23, room_24, room_25, room_26, room_27]

Skill      XL: |  1  2  3  4  5  6  7  8  9 10 11 12 13 14 15 16 17 18 |
---------------+-------------------------------------------------------+-----
Axes           | 4 5 6 7 8 10 11 12 14 16 20 21 | 21.0
Armour         | 4 5 6 7 8 9 10 11 13 14 16 18 20 23 | 23.9
Shields        | 4 5 6 7 8 9 10 11 13 14 16 18 20 25 26 | 26.0
Fighting       | 5 6 7 8 9 10 11 13 15 17 19 22 27 | 27.0
Dodging        | 2 4 5 6 8 9 10 16 17 | 17.4
Invocations    | 4 5 7 9 11 12 15 18 21 24 27 | 27.0
Throwing       | 12 16 24 27 | 27.0

Action                     |  1- 3 |  4- 6 |  7- 9 | 10-12 | 13-15 | 16-18 || total
---------------------------+-------+-------+-------+-------+-------+-------++-------
  Melee: Broad axe         |     4 |     5 |     8 |    42 |    77 |    49 ||   185
         War axe           |     3 |       |       |       |       |       ||     3
  Throw: Throwing net      |       |       |       |     1 |       |       ||     1
 Invoke: Disaster Area     |       |       |     1 |     9 |    23 |    21 ||    54
         Elemental Force   |       |       |       |       |     1 |       ||     1
    Use: Potion            |     2 |       |     1 |       |     3 |     5 ||    11
         Scroll            |     1 |       |       |     3 |     8 |    11 ||    23
   Stab: Distracted        |       |     1 |       |       |     1 |       ||     2
 Armour: Gold dragon scale |     5 |     3 |     2 |    17 |    40 |    15 ||    82
  Dodge: Dodged            |       |       |     1 |     9 |    18 |    13 ||    41
         Repelled          |       |       |       |       |       |     2 ||     2
  Block: Tower shield      |    13 |     7 |    15 |    72 |   124 |    74 ||   305
         Reflection        |       |       |       |       |       |     4 ||     4

Table legend: (Time is in decaauts)
 A = Elapsed time spent in this place.
 B = Non-inter-level travel time spent in this place.
 C = Inter-level travel time spent in this place.
 D = Time resting spent in this place.
 E = Time spent auto-exploring this place.
 F = Levels seen in this place.
 G = Mean time per level.
                   A        B        C        D        E       F      G
               +--------+--------+--------+--------+--------+-----+--------+
         Total |   1936 |   1936 |      0 |    231 |    210 |   1 | 1936.0 |
       Dungeon |   1936 |   1936 |      0 |    231 |    210 |   1 | 1936.0 |
               +--------+--------+--------+--------+--------+-----+--------+

Top non-repeatable levels by time:
       D: 1936 daAuts
